 Dungeon Crawl Stone Soup version 0.29.0-4-gdea44cf6ec (webtiles) character file.

Game seed: 16208580602503034991

3 qw the Sneak (level 1, -2/14 HPs)
             Began as a Gargoyle Delver on Sept 10, 2022.
             Was an Initiate of Okawaru.
             Slain by an orc
             ... wielding a +0 short sword
              (3 damage)
             ... on level 3 of the Dungeon.
             The game lasted 00:00:12 (733 turns).

qw the Sneak (Gargoyle Delver)                       Turns: 733, Time: 00:00:12

Health: -2/14      AC:  5    Str: 15    XL:     1   Next: 50%
Magic:  1/1        EV: 11    Int: 12    God:    Okawaru [......]
Gold:   59         SH:  0    Dex: 11    Spells: 0/0 levels left

rFire   . . .      SeeInvis .   a - +0 hand axe
rCold   . . .      Faith    .   (no shield)
rNeg    + + .      Spirit   .   b - +0 leather armour
rPois   inf        Reflect  .   (no helmet)
rElec   +          Harm     .   (no cloak)
rCorr   .          Rampage  .   (no gloves)
Will    .....                   (no boots)
Stlth   +++.......              (no amulet)
HPRegen 0.04/turn               h - ring of Budyunes {rN+ Int+2}
MPRegen 0.07/turn               (no ring)

@: no status effects
A: sickness immunity, AC +2, negative energy resistance 1, electricity
resistance, torment resistance 1, petrification resistance
a: Renounce Religion


You were on level 3 of the Dungeon.
You worshipped Okawaru.
Okawaru was noncommittal.
You visited 2 branches of the dungeon, and saw 4 of its levels.

You collected 59 gold pieces.


Innate Abilities, Weirdness & Mutations

You are immune to sickness and miasma.
Your stone body is resilient. (AC +2)
You are immune to poison.
You resist negative energy. (rN+)
You are resistant to electric shocks. (rElec)
You are resistant to unholy torment.
You are immune to petrification.


   Skills:
 - Level 3.2 Fighting
 + Level 2.1 Axes
 - Level 1.5 Dodging
 - Level 5.4 Stealth


You couldn't memorise any spells.
You didn't know any spells.
Your spell library was empty.

Inventory:

Hand Weapons
 a - a +0 hand axe (weapon)
Armour
 b - a +0 leather armour (worn)
 i - a +0 scale mail
Jewellery
 h - the ring of Budyunes (left hand) {rN+ Int+2}
   (You found it on level 5 of the Dungeon)

   [ring of positive energy]

   Int:       It affects your intelligence (+2).
   rN:        It protects you from negative energy.
 j - a +6 ring of strength
Wands
 g - a wand of digging (3)
Scrolls
 d - a scroll of acquirement {unknown}
Potions
 c - a potion of curing
 e - a potion of degeneration {unknown}
 f - a potion of haste

Dungeon Overview and Level Annotations

Branches:
Dungeon (5/15)             Temple (1/1) D:4

Altars:
Cheibriados
Dithmenos
Fedhas
Kikubaaqudgha
Makhleb
Nemelex Xobeh
Okawaru
Qazlal
Ru
Sif Muna
Trog
Vehumet
Wu Jian
Xom
Yredelemnul


Message History

The orc moves out of view.
Enter note:
Enter note:
720 ||| Stepping ~*~*~tactically~*~*~ (stealth).
The orc attacks as you move away! The orc hits you but does no damage.
You hit the orc.
The orc is lightly wounded.
The orc hits you with a +0 hand axe.
You completely miss the orc. You barely miss the orc.
The orc hits you with a +0 short sword.
You barely miss the orc.
The orc shouts!
The orc hits you with a +0 short sword.
You hit the orc but do no damage. The orc closely misses you.
You barely miss the orc. The orc barely misses you.
You hit the orc.
The orc is lightly wounded.
The orc hits you with a +0 short sword. The orc closely misses you.
You barely miss the orc.
The orc is lightly wounded.
The orc misses you.
You hit the orc.
The orc is moderately wounded.
The orc closely misses you.
You hit the orc but do no damage.
The orc is moderately wounded.
The orc hits you but does no damage.
You hit the orc but do no damage.
The orc is moderately wounded.
The orc hits you with a +0 short sword.
You barely miss the orc.
The orc is moderately wounded.
The orc hits you with a +0 short sword. The orc barely misses you.
You hit the orc but do no damage.
The orc is moderately wounded.
The orc hits you with a +0 short sword.
You die...

##..# # #...## #
#....#
#####...>###
.........[...
####[#############
#oo..oo.. #......
#o# #.##### #@#
#.# #.# #.# #.#
#.# #.# #.# #.#
#.# #.# #.# #.#
#.# #.# #.# #.#
#.#


You could see 3 orcs.

Vanquished Creatures
  A goblin (D:4)
  A hobgoblin (D:4)
  A bat (D:3)
3 creatures vanquished.

Notes
Turn   | Place    | Note
-------+----------+-------------------------------------------
     0 | D:5      | qw the Gargoyle Delver began the quest for the Orb.
     0 | D:5      | Reached XP level 1. HP: 14/14 MP: 1/1
     0 | D:5      | 0 ||| qw: Version: 0.1-a-116-g5d60599
     0 | D:5      | 0 ||| qw: Game counter: 8052
     0 | D:5      | 0 ||| qw: Always use a shield: true
     0 | D:5      | 0 ||| qw: God list: Okawaru
     0 | D:5      | 0 ||| qw: Allow faded altars: false
     0 | D:5      | 0 ||| qw: Do Orc after D:15 true
     0 | D:5      | 0 ||| qw: Do second Lair branch before Depths: true
     0 | D:5      | 0 ||| qw: Lair rune preference: random
     0 | D:5      | 0 ||| qw: Plans: Normal
     0 | D:5      | 0 ||| PLANNING D:1-11
    24 | D:5      | Identified the ring of Budyunes {rN+ Int+2}
    80 | D:5      | 80 ||| UPGRADING to ring of Budyunes {rN+ Int+2}.
    81 | D:5      | 81 ||| DROPPING scroll of fog.
    82 | D:5      | 82 ||| DROPPING scroll of magic mapping.
    83 | D:5      | 83 ||| DROPPING scroll of fear.
   100 | D:4      | Found a staircase to the Ecumenical Temple.
   101 | D:4      | 101 ||| PLANNING TEMPLE
   108 | Temple   | Entered the Ecumenical Temple
   163 | Temple   | 163 ||| PLANNING D:1-11
   169 | Temple   | Became a worshipper of Warmaster Okawaru
   300 | D:4      | 300 ||| DRINKING 2 coppery potions.
   415 | D:3      | Found a sparkling altar of Nemelex Xobeh.
   720 | D:3      | 720 ||| Stepping ~*~*~tactically~*~*~ (stealth).
   731 | D:3      | HP: 2/14 [orc/+0 short sword (2)]
   733 | D:3      | Slain by an orc

Levels and vault maps discovered:
D:3:      layout_basic, nemelex_spade_bored_becter
D:4:      layout_basic, temple_green, minmay_misc_feat_five, uniq_duvessa
D:5:      layout_loops_corners, cheibrodos_ashenzari_chains,
          lemuel_crystal_altar, uniq_crazy_yiuf_cottage, uniq_prince_ribbit1
Temple:   zaba_magenta_temple

Skill      XL: |  1 |
---------------+----+-----
Axes           | 2 |  2.1
Fighting       | |  3.2
Dodging        | |  1.5
Stealth        | |  5.4

Action                   || total
-------------------------++-------
Melee: Hand axe          ||    28
  Use: Potion            ||     1
Armor: Leather armour    ||     7
Dodge: Dodged            ||    14

Table legend:
 A = Non-vault XP
 B = Vault XP
 C = Vault XP percentage of total XP
 D = Non-vault monster count
 E = Vault monster count
 F = Vault count percentage of total count
                 A         B        C        D         E       F
            +---------+---------+-------+---------+---------+-------
      Total |       5 |       0 |   0.0 |       3 |       0 |   0.0
            +---------+---------+-------+---------+---------+-------
        D:3 |       1 |       0 |   0.0 |       1 |       0 |   0.0
        D:4 |       4 |       0 |   0.0 |       2 |       0 |   0.0
            +---------+---------+-------+---------+---------+-------
